 Dungeon Crawl Stone Soup version 0.19.0-23-gf02e663 (webtiles) character file.

431 RKaid the Cleaver (level 6, -1/51 HPs)
             Began as a Minotaur Berserker on Nov 19, 2016.
             Was a Priest of Trog.
             Slain by an iguana (8 damage)
             ... on level 3 of the Dungeon.
             The game lasted 00:03:09 (3440 turns).

RKaid the Cleaver (Minotaur Berserker)              Turns: 3440, Time: 00:03:10

Health: -1/51      AC:  3    Str: 23    XL:     6   Next: 66%
Magic:  5/5        EV: 12    Int:  4    God:    Trog [***...]
Gold:   48         SH:  0    Dex: 10    Spells: 0 memorised, 5 levels left

rFire  . . .     SeeInvis .     a - +0 hand axe
rCold  . . .     Gourm    .     b - +0 animal skin
rNeg   . . .     Faith    .     (no shield)
rPois  .         Spirit   .     (helmet restricted)
rElec  .         Reflect  .     d - +0 cloak
rCorr  .         Harm     .     (no gloves)
MR     .....                    (no boots)
Stlth  +.........               (no amulet)
                                (no ring)
                                (no ring)

@: exhausted, slowed, very slow
A: retaliatory headbutt, horns 2
a: Berserk, Trog's Hand, Burn Spellbooks, Renounce Religion


You were on level 3 of the Dungeon.
You worshipped Trog.
Trog was most pleased with you.
You were very hungry.

You visited 1 branch of the dungeon, and saw 3 of its levels.

You collected 48 gold pieces.

Inventory:

Hand Weapons
 a - a +0 hand axe (weapon)
Armour
 b - a +0 animal skin (worn)
 d - a +0 cloak (worn)
   (You took it off Crazy Yiuf on level 2 of the Dungeon)
Wands
 e - a wand of confusion (24/48)
   (You found it on level 3 of the Dungeon)
Scrolls
 i - a scroll of enchant weapon {unknown}
 l - a scroll of teleportation
 m - a scroll of blinking {unknown}
Potions
 h - a potion of brilliance {unknown}
 j - a potion of flight {unknown}
 k - 2 potions of curing {unknown}
Comestibles
 c - 2 bread rations
 g - a slice of pizza


   Skills:
 - Level 3.6 Fighting
 + Level 9.1 Axes
 - Level 2.4 Armour
 - Level 2.1 Dodging


You had 5 spell levels left.
You didn't know any spells.

Dungeon Overview and Level Annotations

Branches:
Dungeon (3/15)

Altars:
Elyvilon
Ru


Innate Abilities, Weirdness & Mutations

You reflexively headbutt those who attack you in melee.
You have a pair of horns on your head.


Message History

You slash the leopard gecko!
You kill the leopard gecko!
Trog accepts your kill.
Some of the chunks of flesh in your inventory have rotted away.
You now have 36 gold pieces (gained 6).
You now have 48 gold pieces (gained 12).
i - a scroll labeled XESEMEA XUTWO You open the door.
There is an open door here.
An orc priest comes into view. It is wielding a falchion.
The orc priest shouts! 2 orcs come into view.
The orc priest looks braver for a moment.
An orc comes into view.
It is wielding a falchion of holy wrath.
A red film seems to cover your vision as you go berserk!
You feel yourself moving faster!
You feel mighty!
You are feeling hungry.
The orc shouts!
The orc priest invokes the aid of Beogh against you.
Beogh smites you!
The orc moves out of view.
You hear a shout!
You hit the orc. You slash the orc!
You kill the orc!
Trog accepts your kill.
The orc priest calls down the wrath of Beogh upon you.
Beogh smites you!
An orc comes into view. It is wielding a club.
The orc priest barely misses you. You furiously retaliate!
You headbutt the orc priest!
You see here a flail.
You barely miss the orc priest. You barely miss the orc.
All of the chunks of flesh in your inventory have rotted away.
You hit the orc priest. You hit the orc. The orc hits you with a mace.
The orc hits you with a falchion of holy wrath.
The orc priest mumbles some strange prayers to Beogh against you.
Pain shoots through your body!
You closely miss the orc. You headbutt the orc.
You kill the orc!
Trog accepts your kill.
Your Axes skill increases to level 9!
You slash the orc!
You kill the orc!
Trog accepts your kill.
You hit the orc priest. You hit the orc but do no damage.
The orc hits you with a club.
* * * LOW HITPOINT WARNING * * *
The orc priest looks satisfied for a moment.
You see here a falchion of holy wrath.
You feel a strong urge to attack something.
You see here a mace.
You hit the orc priest.
You kill the orc priest!
Trog accepts your kill.
You hit the orc. The orc hits you but does no damage.
Things that are here:
a falchion; a chain mail; an orc corpse You slash the orc!
You kill the orc!
Trog accepts your kill.
You are no longer berserk.
You are exhausted.
You feel yourself slow down.
You see here a flail.
Things that are here:
a falchion; a chain mail; an orc corpse
Things that are here:
a club; a chain mail; an orc corpse You butcher the orc corpse.
A jackal comes into view.
Things that are here:
a club; a chain mail; 3 chunks of flesh
Things that are here:
a falchion; a chain mail; an orc corpse You butcher the orc corpse.
The jackal barks!
Things that are here:
a falchion; a chain mail; 2 chunks of flesh
Things that are here:
a club; a chain mail; 3 chunks of flesh You hit the jackal.
You kill the jackal!
Trog accepts your kill.
An iguana comes into view.
The iguana hisses angrily.
You see here a jackal corpse.
You see here a falchion of holy wrath.
You see here a mace.
You see here a flail.
You hit the iguana but do no damage. Your headbutt misses the iguana.
The iguana completely misses you.
You closely miss the iguana. Your headbutt misses the iguana.
You are feeling very hungry.
The iguana bites you!
* * * LOW HITPOINT WARNING * * *
You slash the iguana! The iguana closely misses you.
You're too exhausted to go berserk.
You barely miss the iguana. The iguana barely misses you. The iguana bites you!
You die...

#..# #...# #... +###.. #..
....# #... #...# + .#...#
###...# .# #.#...#_#.#)).#
..# #.#.....#.@l))#...##.
#...≈≈≈+#'###†.......
#.).≈...#...#......#.
#...≈.......#......#
#######..≈≈≈≈...####.....#
..........≈.......# ..##+#
..........≈.......# ...
..................# ....
#####.......#####.# .....


You could see an iguana.

Vanquished Creatures
  Sigmund (D:2)
  A centaur (D:3)
  An orc priest (D:3)
  Crazy Yiuf (D:2)
  Terence (D:3)
  4 adders (D:2)
  An ooze (D:2)
  A worm (D:2)
  4 leopard geckos
  7 orcs (D:3)
  4 giant cockroaches
  9 goblins
  5 hobgoblins
  3 jackals (D:3)
  6 kobolds (D:1)
  A quokka (D:3)
  6 ball pythons
  7 bats
  3 frilled lizards
  6 rats
72 creatures vanquished.

Notes
Turn   | Place    | Note
-------+----------+-------------------------------------------
     0 | D:1      | RKaid the Minotaur Berserker began the quest for the Orb.
     0 | D:1      | Reached XP level 1. HP: 19/19 MP: 0/0
    63 | D:1      | Reached skill level 4 in Axes
    96 | D:1      | Reached XP level 2. HP: 20/26 MP: 1/1
   146 | D:1      | HP: 6/26 [hobgoblin (4)]
   586 | D:1      | Reached skill level 5 in Axes
   607 | D:1      | Reached ** piety under Trog
   654 | D:1      | Reached XP level 3. HP: 19/31 MP: 2/2
  1217 | D:2      | Found a white marble altar of Elyvilon.
  1399 | D:2      | Found a runed door.
  1876 | D:2      | Noticed Sigmund
  1897 | D:2      | Killed Sigmund
  1897 | D:2      | Reached skill level 7 in Axes
  1897 | D:2      | Reached XP level 4. HP: 39/39 MP: 3/3
  1897 | D:2      | Reached XP level 5. HP: 45/45 MP: 4/4
  2146 | D:2      | HP: 11/45 [poisoned by an adder]
  2151 | D:2      | HP: 9/45 [poisoned by an adder]
  2156 | D:2      | HP: 8/45 [poisoned by an adder]
  2163 | D:2      | HP: 7/45 [poisoned by an adder]
  2171 | D:2      | HP: 6/45 [poisoned by an adder]
  2811 | D:2      | Noticed Crazy Yiuf
  2818 | D:2      | Killed Crazy Yiuf
  2818 | D:2      | Reached skill level 8 in Axes
  3162 | D:3      | Noticed a centaur
  3165 | D:3      | Noticed Terence
  3166 | D:3      | Killed a centaur
  3166 | D:3      | Reached XP level 6. HP: 44/51 MP: 5/5
  3173 | D:3      | Killed Terence
  3385 | D:3      | Found a sacrificial altar of Ru.
  3418 | D:3      | Reached skill level 9 in Axes
  3431 | D:3      | Reached *** piety under Trog
  3438 | D:3      | HP: 6/51 [iguana (13)]
  3440 | D:3      | Slain by an iguana

Skill      XL: |  1  2  3  4  5  6 |
---------------+-------------------+-----
Axes           | 4 5 7 8 9 |  9.1
Fighting       | |  3.6
Armour         | |  2.4
Dodging        | |  2.1

Action                   |  1- 3 |  4- 6 || total
-------------------------+-------+-------++-------
Melee: Hand axe          |    98 |    66 ||   164
       Headbutt          |     8 |     6 ||    14
Invok: Berserk           |     3 |     1 ||     4
  Use: Scroll            |       |     2 ||     2
  Eat: Chunk             |     5 |     2 ||     7
       Fruit             |       |     2 ||     2
       Beef jerky        |       |     1 ||     1
Armor: Animal skin       |    30 |     3 ||    33
Dodge: Dodged            |    78 |    36 ||   114

Vault maps used:
D:1:      minmay_arrival_checkered_box, minmay_misc_feat_diagonals,
          minmay_misc_feat_hallway, minmay_distorted
D:2:      overflow_temple_1_default, hangedman_decor_points, uniq_sigmund,
          uniq_crazy_yiuf_cottage
D:3:      hangedman_ru_absence, serial_forest, infiniplex_forest_zigzag_1,
          infiniplex_forest_lined_room_2, infiniplex_forest_corner_2,
          infiniplex_forest_straight_2, first_bread, st_stairs_9, uniq_terence

Table legend:
 A = Turns spent in this place as a percentage of turns spent in the entire game.
 B = Non-inter-level travel turns spent in this place as a percentage of non-inter-level travel turns spent in the entire game.
 C = Inter-level travel turns spent in this place as a percentage of turns spent in this place.
 D = Turns resting spent in this place as a percentage of non-inter-level travel turns spent in this place.
 E = Turns spent auto-exploring this place as a percentage of non-inter-level travel turns spent in this place.
 F = Non-inter-level travel turns spent in this place divided by the number of levels of this place that you've seen.
                   A       B       C       D       E      F
               +-------+-------+-------+-------+-------+----------------------
         Total | 100.0 | 100.0 |   0.5 |   4.1 |   8.6 | 246.7
       Dungeon | 100.0 | 100.0 |   0.5 |   4.1 |   8.6 | 246.7
               +-------+-------+-------+-------+-------+----------------------

Table legend:
 A = Kills in this place as a percentage of kills in entire the game.
 B = Kills by you in this place as a percentage of kills by you in the entire game.
 C = Kills by friends in this place as a percentage of kills by friends in the entire game.
 D = Other kills in this place as a percentage of other kills in the entire game.
 E = Experience gained in this place as a percentage of experience gained in the entire game.
 F = Experience gained in this place divided by the number of levels of this place that you have seen.
                   A       B       C       D       E      F
               +-------+-------+-------+-------+-------+----------------------
         Total | 100.0 | 100.0 |  -nan |  -nan | 100.0 | 205.3
       Dungeon | 100.0 | 100.0 |  -nan |  -nan | 100.0 | 205.3
               +-------+-------+-------+-------+-------+----------------------
